AoeStats
← Erickinio

Oasis

508804085Analyzed
4v4 RM · 8d ago on Sep 24, 2026· 25m 9s· 8 players
Game mode
Random Map
Map size
Large (8 player)
Population
200
Speed
Normal
Resources
Standard
Victory
Conquest
Starting age
Dark Age
Ending age
Imperial Age
RankedLock teamsTeams togetherTeam positionsShared explorationLock speedFull tech treeHidden civsTurbo modeCheats
Victory
Defeat
🇺🇸 Persians · United States
982
+15
🇺🇸 Varangians · United States
976
+15
🇲🇽 Malay · Mexico
901
+18
🇺🇸 Romans · United States
818
+21
🇬🇹 Varangians · Guatemala
1057
-22
🇦🇷 Celts · Argentina
929
-17
🇺🇸 Mongols · United States
914
-16
🇬🇹 Aztecs · Guatemala
879
-14
kevinfz101006xr
10:27 Feudal Age
14:50 Castle Age
lipesius
13:05 Feudal Age
SMAUG_AM
3:22 Loom
13:23 Feudal Age
Erickinio
3:24 Loom
12:13 Feudal Age
12:55 Double-Bit Axe
19:04 Castle Age
17:53 Horse Collar
18:31 Forging
18:22 Scale Mail Armor
20:05 Pikeman
20:31 Gambesons
TheProtagoniist
6:32 Loom
6:42 Loom
11:10 Feudal Age
15:07 Castle Age
15:40 Bloodlines
18:38 Husbandry
22:01 Scale Barding Armor
23:25 Forging
24:48 Chain Barding Armor
aegilello
2:46 Loom
11:05 Feudal Age
17:38 Castle Age
16:45 Horse Collar
16:55 Double-Bit Axe
17:19 Scale Barding Armor
18:45 Wheelbarrow
19:03 Bloodlines
Punisher1227
10:33 Feudal Age
11:29 Double-Bit Axe
12:20 Horse Collar
14:15 Wheelbarrow
15:20 Man-at-Arms
16:58 Scale Mail Armor
22:13 Gold Mining
24:09 Forging
joelviteladelacruz
Connection lost

Rejoining the realm…

Still unreachable

The connection could not be restored.

Session expired

The server has moved on; the page needs a fresh start.